AoeStats
← __ynot__

Arabia

510160488Analyzed
2v2 RM · 3d ago on Sep 29, 2026· 26m 29s· 4 players
Game mode
Random Map
Map size
Medium (4 player)
Population
200
Speed
Normal
Resources
Standard
Victory
Conquest
Starting age
Dark Age
Ending age
Imperial Age
RankedLock teamsTeams togetherTeam positionsShared explorationLock speedFull tech treeHidden civsTurbo modeCheats
Victory
Defeat
🇫🇷 Ethiopians · France
1396
+13
🇫🇷 Khmer · France
1391
+13
🇩🇪 Maya · Germany
1333
-13
🇩🇪 Georgians · Germany
1331
-13
__ynot__
5:02 Loom
9:21 Feudal Age
10:11 Double-Bit Axe
10:14 Horse Collar
23:49 Castle Age
22:37 Scale Barding Armor
25:29 Bow Saw
25:31 Husbandry
25:48 Forging
Schöner Pikser
0:26 Loom
8:46 Feudal Age
9:26 Double-Bit Axe
12:19 Fletching
15:12 Horse Collar
22:15 Castle Age
22:57 Bodkin Arrow
23:10 Thumb Ring
22:25 Crossbowman
23:52 Padded Archer Armor
Clement9083
6:30 Loom
8:59 Feudal Age
9:52 Double-Bit Axe
17:51 Scale Barding Armor
21:21 Bloodlines
23:24 Castle Age
22:24 Forging
24:12 Bloodlines
23:36 Light Cavalry
jo8313
8:31 Feudal Age
8:57 Double-Bit Axe
10:29 Loom
12:17 Fletching
15:35 Padded Archer Armor
22:41 Castle Age
22:41 Crossbowman
23:22 Bodkin Arrow
23:42 Leather Archer Armor
24:21 Town Watch
25:15 Ballistics
Connection lost

Rejoining the realm…

Still unreachable

The connection could not be restored.

Session expired

The server has moved on; the page needs a fresh start.